 Dungeon Crawl Stone Soup version 0.29.1-13-g9f3cf754e1 (webtiles) character file.

Game seed: 4522200537555598122

28 Thatpatchoflichen the Shooter (level 3, -3/28 HPs)
             Began as a Human Hunter on Jan 28, 2023.
             Slain by a goblin
             ... wielding a +0 club
              (4 damage)
             ... on level 1 of the Dungeon.
             The game lasted 00:03:51 (969 turns).

Thatpatchoflichen the Shooter (Human Hunter)         Turns: 969, Time: 00:03:52

Health: -3/28      AC:  3    Str: 11    XL:     3   Next: 27%
Magic:  3/3        EV: 12    Int:  9    God:
Gold:   70         SH:  0    Dex: 18    Spells: 2/2 levels left

rFire   . . .      SeeInvis .   a - +0 shortbow
rCold   . . .      Faith    .   (shield currently unavailable)
rNeg    . . .      Spirit   .   c - +0 leather armour
rPois   .          Reflect  .   (no helmet)
rElec   .          Harm     .   (no cloak)
rCorr   .          Rampage  .   (no gloves)
Will    .....                   (no boots)
Stlth   ++........              (no amulet)
HPRegen 0.09/turn               (no ring)
MPRegen 0.08/turn               (no ring)

@: no status effects
A: no striking features
a: no special abilities


You were on level 1 of the Dungeon.
You visited 1 branch of the dungeon, and saw 2 of its levels.

You collected 70 gold pieces.

Inventory:

Hand Weapons
 a - a +0 shortbow (weapon)
Armour
 c - a +0 leather armour (worn)
Scrolls
 b - 2 scrolls of immolation
 f - a scroll of enchant weapon {unknown}
 g - a scroll of vulnerability {unknown}
 h - a scroll of summoning {unknown}
 j - a scroll of identify {unknown}
Potions
 d - 2 potions of might {unknown}
 e - 2 potions of lignification {unknown}
 i - a potion of degeneration {unknown}


   Skills:
 + Level 2.4 Fighting
 + Level 4.3 Ranged Weapons
 + Level 1.1 Armour
 + Level 2.3 Dodging
 - Level 1.0 Stealth


You had 2 spell levels left.
You didn't know any spells.
Your spell library was empty.

Dungeon Overview and Level Annotations

Branches:
Dungeon (2/15)

Altars:

Annotations:
D:2 Sigmund


Message History

The goblin is severely wounded.
The frilled lizard barely misses you.
Fire: a) +0 shortbow
Press: ? - help, Q - select action Shift-Dir - straight line, f/p - goblin
Aim: a goblin, wielding a +0 club (severely wounded, 58% to hit)
You shoot an arrow. The arrow hits the frilled lizard!
You kill the frilled lizard!
Unknown command.
Fire: a) +0 shortbow
Press: ? - help, Q - select action Shift-Dir - straight line, f/p - goblin
Aim: a goblin, wielding a +0 club (severely wounded, 58% to hit)
You shoot an arrow.
The arrow hits the rat but does no damage.
The rat closely misses you. The rat bites you.
* * * LOW HITPOINT WARNING * * *
Fire: a) +0 shortbow
Press: ? - help, Q - select action Shift-Dir - straight line, f/p - goblin
Aim: a goblin, wielding a +0 club (severely wounded, 58% to hit)
You shoot an arrow. The arrow closely misses the rat.
The arrow closely misses the goblin.
The rat closely misses you.
Fire: a) +0 shortbow
Press: ? - help, Q - select action Shift-Dir - straight line, f/p - goblin
Aim: a goblin, wielding a +0 club (severely wounded, 58% to hit)
You shoot an arrow. The arrow barely misses the rat.
The arrow hits the goblin but does no damage.
The goblin is severely wounded.
The rat misses you.
Fire: a) +0 shortbow
Press: ? - help, Q - select action Shift-Dir - straight line, f/p - goblin
Aim: a goblin, wielding a +0 club (severely wounded, 58% to hit)
You shoot an arrow. The arrow hits the rat!
You kill the rat!
Unknown command.
Fire: a) +0 shortbow
Press: ? - help, Q - select action Shift-Dir - straight line, f/p - goblin
Aim: a goblin, wielding a +0 club (severely wounded, 58% to hit)
You shoot an arrow. The arrow closely misses the goblin.
The goblin hits you with a +0 club.
You die...

#.##.#.#......# ###
...#.##...#.#
...#..####...#.###
#.#....##.#.....#
#.#....#.##)#..####
#.....##.##.....#
#............#
##.##....#....#
#...@..#.#.#.##
##.#g###.#.#.#
+....†...#...#
#.....####.###
#.###.# #.# #. .#
### . ## . ##


You could see a goblin.

Vanquished Creatures
  4 goblins (D:1)
  3 hobgoblins (D:1)
  4 kobolds (D:1)
  A quokka (D:1)
  A ball python (D:1)
  5 bats (D:1)
  3 frilled lizards (D:1)
  6 rats (D:1)
27 creatures vanquished.

Notes
Turn   | Place    | Note
-------+----------+-------------------------------------------
     0 | D:1      | Thatpatchoflichen the Human Hunter began the quest for the
                  | Orb.
     0 | D:1      | Reached XP level 1. HP: 16/16 MP: 1/1
    47 | D:2      | Noticed Sigmund
   267 | D:1      | Reached XP level 2. HP: 22/22 MP: 2/2
   907 | D:1      | Reached XP level 3. HP: 28/28 MP: 3/3
   919 | D:1      | Reached skill level 1 in Armour
   961 | D:1      | HP: 1/28 [goblin/+0 club (4)]
   969 | D:1      | Slain by a goblin

Illustrated notes

Levels and vault maps discovered:
D:1:      dpeg_arrival_radiant, layout_basic, st_stairs_4,
          kennysheep_flooded_box, chequers_decorated_corner
D:2:      layout_basic, uniq_sigmund

Skill      XL: |  1  2  3 |
---------------+----------+-----
Armour         | 1 |  1.1
Fighting       | |  2.4
Ranged Weapons | |  4.3
Dodging        | |  2.3
Stealth        | |  1.0

Action                   || total
-------------------------++-------
Melee: Shortbow          ||     1
 Fire: Shortbow          ||    62
Armor: Leather armour    ||    11
Dodge: Dodged            ||    48
